WORCESTER TITANS vs MANCHESTER MONARCHS
Created - 22 octobre 2025 at 22:22
Goals
|
| WORCESTER TITANS |
2 |
0 |
0 |
2 |
| MANCHESTER MONARCHS |
1 |
0 |
2 |
3 |
|
Shots
|
| WORCESTER TITANS |
13 |
15 |
17 |
45 |
| MANCHESTER MONARCHS |
12 |
5 |
8 |
25 |
|
1st period
1. WORCESTER TITANS , John Leonard 5 (Cal O'Reilly 8, Calle Rosen 2) at 1:01
2. MANCHESTER MONARCHS , Jayden Struble 1 (Noah Juulsen 1) at 5:56
3. WORCESTER TITANS , Jacob MacDonald 2 (Andrew Poturalski 3, Chris Terry 1) at 18:35
Penalties :
Noah Juulsen (MAN) for Slashing (Minor) at 0:05, Oscar Dansk (WOR) for Slashing (Minor) at 0:37 - Jacob MacDonald served the penalty., Josh Brown (WOR) for Holding (Minor) at 12:23, Tyler Pitlick (WOR) for Hooking (Minor) at 19:09
2nd period
No Goal
Penalties :
Noah Juulsen (MAN) for Roughing (Minor) at 18:22
3rd period
4. MANCHESTER MONARCHS , Ryder Rolston 2 (Daniil Zhilkin 1, Ty Smith 2) at 11:04
5. MANCHESTER MONARCHS , Jared Davidson 3 (Jayden Struble 2, Noah Juulsen 2) at 11:23
Penalties :
Mackenzie MacEachern (MAN) for Goalie Interference (Minor) at 9:37, Andrew Poturalski (WOR) for Tripping (Minor) at 9:37, Kole Lind (MAN) for Holding (Minor) at 16:10, Jayden Struble (MAN) for Tripping (Minor) at 18:08
Goalie Stats
Oscar Dansk (WOR), 22 saves from 25 shots - (0,880), L, 2-3-0, 59:09 minutes
Michael DiPietro (MAN), 43 saves from 45 shots - (0,956), W, 1-3-0, 60:00 minutes
Players Stats for WORCESTER TITANS
Player Name G A P +/- PIM S H SB GA TA FO MP PP MP PK MP
------------------------------------------------------------------------------------
Andrew Poturalski 0 1 1 1 2 10 1 0 0 0 9/20 18:32 3:35 0:27
Cal O'Reilly 0 1 1 0 0 3 0 0 0 0 13/35 21:52 2:45 0:00
Calle Rosen 0 1 1 0 0 2 3 0 0 0 0/0 23:42 0:00 2:11
Case McCarthy 0 0 0 0 0 0 2 0 0 0 0/0 6:17 0:00 1:06
Charles Hudon 0 0 0 0 0 2 0 0 0 0 0/0 13:45 3:18 0:00
Chris Terry 0 1 1 0 0 1 1 0 0 0 1/3 18:29 3:35 0:00
Jacob MacDonald 1 0 1 1 0 4 1 0 0 0 0/0 22:33 2:35 1:57
John Leonard 1 0 1 0 0 7 1 1 0 0 0/0 21:52 2:45 0:00
Joseph Blandisi 0 0 0 -1 0 0 0 0 0 0 2/2 6:47 0:00 2:41
Josh Brown 0 0 0 -1 2 1 1 3 0 0 0/0 13:38 0:00 1:18
Justin Dowling 0 0 0 -1 0 2 1 0 0 0 1/5 6:46 0:17 2:23
Kyle Capobianco 0 0 0 -1 0 3 2 0 0 0 0/0 22:39 3:45 0:26
Matthew Peca 0 0 0 0 0 3 0 0 0 0 6/12 12:02 0:00 1:35
Rocco Grimaldi 0 0 0 -1 0 1 0 0 0 0 1/1 5:45 0:00 0:46
Seth Griffith 0 0 0 1 0 3 0 0 0 0 0/0 17:40 3:45 0:00
Tyler Pitlick 0 0 0 -1 2 3 5 0 0 0 0/0 21:35 2:45 0:00
Zach Sanford 0 0 0 0 0 0 2 0 0 0 0/0 12:02 0:00 1:35
Zachary Metsa 0 0 0 -1 0 0 0 2 0 0 0/0 26:05 2:35 1:35
Players Stats for MANCHESTER MONARCHS
Player Name G A P +/- PIM S H SB GA TA FO MP PP MP PK MP
------------------------------------------------------------------------------------
Chase Stillman 0 0 0 0 0 1 0 0 0 0 1/1 14:16 0:00 0:00
Chase Wheatcroft 0 0 0 0 0 3 2 1 0 0 2/2 14:16 0:00 0:00
Christoffer Sedoff 0 0 0 0 0 1 2 2 0 0 0/0 22:50 2:32 3:33
Daniil Zhilkin 0 1 1 1 0 0 0 0 0 0 2/2 1:38 0:00 0:38
David Gucciardi 0 0 0 0 0 0 0 1 0 0 0/0 15:23 0:00 1:06
Jamieson Rees 0 0 0 0 0 0 0 0 0 0 3/4 4:08 0:00 0:08
Jared Davidson 1 0 1 0 0 6 0 2 0 0 18/30 23:41 1:58 3:31
Jayden Struble 1 1 2 1 2 2 3 3 0 0 0/0 21:40 1:25 2:07
Kole Lind 0 0 0 0 2 2 1 0 0 0 0/2 22:41 1:58 2:32
Mackenzie MacEachern 0 0 0 0 2 4 1 0 0 0 1/2 17:14 1:58 2:32
Nicholas Abruzzese 0 0 0 0 0 0 1 0 0 0 1/3 18:22 2:32 0:31
Noah Juulsen 0 2 2 2 4 0 0 0 0 0 0/0 21:17 1:58 2:00
Roni Hirvonen 0 0 0 0 0 1 0 0 0 0 0/1 17:51 2:32 0:00
Ryan McAllister 0 0 0 0 0 0 0 0 0 0 0/0 0:00 0:00 0:00
Ryder Rolston 1 0 1 1 0 2 0 0 0 0 11/16 21:46 2:32 2:32
Scooter Brickey 0 0 0 -1 0 0 4 0 0 0 0/0 15:55 0:33 0:00
Ty Smith 0 1 1 0 0 2 1 4 0 0 0/0 22:09 2:32 3:23
Tyler Madden 0 0 0 0 0 1 0 0 0 0 6/15 15:01 0:00 0:45
3 Stars
1 - Michael DiPietro (MAN)
2 - Jayden Struble (MAN)
3 - Ryder Rolston (MAN)
Power Play
WORCESTER TITANS - 0 on 4 Attempt(s) - 0,00%
MANCHESTER MONARCHS - 0 on 3 Attempt(s) - 0,00%
Penalty Kill
WORCESTER TITANS - 3 on 3 Attempt(s) - 100,00%
- Score 0 goal in Penalty Kill
MANCHESTER MONARCHS - 4 on 4 Attempt(s) - 100,00%
- Score 0 goal in Penalty Kill
Team Stat
WORCESTER TITANS - Hits : 20 - Faceoff Wins : 33 - Blocked Shots : 6 - Penalty Minutes : 8
MANCHESTER MONARCHS - Hits : 15 - Faceoff Wins : 45 - Blocked Shots : 13 - Penalty Minutes : 10
Official
Referees : Kelly Sutherland and Tim Mayer
Linesman : James Tobias and Kyle Flemington
Game Notes
No Game Note
WORCESTER TITANS
5 vs 5 Forward
Center Left Wing Right Wing Time % Phy DF OF
1 Cal O'Reilly John Leonard Tyler Pitlick 36 0 2 3
2 Andrew Poturalski Chris Terry Seth Griffith 32 0 2 3
3 Matthew Peca Charles Hudon Zach Sanford 25 1 2 2
4 Justin Dowling Joseph Blandisi Rocco Grimaldi 7 1 2 2
5 vs 5 Defense
Defense Defense Time % Phy DF OF
1 Zachary Metsa Kyle Capobianco 40 1 2 2
2 Calle Rosen Jacob MacDonald 35 1 2 2
3 Zachary Metsa Josh Brown 25 1 3 1
4 Calle Rosen Kyle Capobianco 0 1 3 1
PowerPlay Forward
Center Left Wing Right Wing Time % Phy DF OF
1 Cal O'Reilly John Leonard Tyler Pitlick 60 0 1 4
2 Andrew Poturalski Chris Terry Charles Hudon 40 0 1 4
PowerPlay Defense
Defense Defense Time % Phy DF OF
1 Seth Griffith Kyle Capobianco 60 1 2 2
2 Zachary Metsa Jacob MacDonald 40 0 1 4
Penalty Kill 4 Players Forward
Center Wing Time % Phy DF OF
1 Justin Dowling Joseph Blandisi 60 1 2 2
2 Matthew Peca Zach Sanford 40 1 2 2
Penalty Kill 4 Players Defense
Defense Defense Time % Phy DF OF
1 Calle Rosen Jacob MacDonald 60 1 2 2
2 Zachary Metsa Josh Brown 40 1 2 2
Penalty Kill - 3 Players Forward
Forward Time % Phy DF OF
1 Justin Dowling 55 0 4 1
2 Matthew Peca 45 0 4 1
Penalty Kill - 3 Players Defense
Defense Defense Time % Phy DF OF
1 Calle Rosen Jacob MacDonald 55 0 4 1
2 Zachary Metsa Kyle Capobianco 45 0 4 1
4 vs 4 Forward
Center Wing Time % Phy DF OF
1 Cal O'Reilly John Leonard 52 1 2 2
2 Andrew Poturalski Tyler Pitlick 48 1 2 2
4 vs 4 Defense
Defense Defense Time % Phy DF OF
1 Zachary Metsa Josh Brown 52 1 2 2
2 Calle Rosen Kyle Capobianco 48 1 2 2
Last Minutes Offensive
Center Left Wing Right Wing Defense Defense
Cal O'Reilly John Leonard Tyler Pitlick Calle Rosen Kyle Capobianco
Last Minutes Defensive
Center Left Wing Right Wing Defense Defense
Justin Dowling Joseph Blandisi Zach Sanford Calle Rosen Jacob MacDonald
Goaltenders
Starting : Oscar Dansk
Backup : Parker Gahagen
Extra Forwards
Normal : John Leonard, Chris Terry, Seth Griffith - PP : Justin Dowling, Zach Sanford - PK : Joseph Blandisi
Extra Defensemen
Normal : Zachary Metsa, Jacob MacDonald, Calle Rosen - PP : Zachary Metsa - PK : Josh Brown, Calle Rosen
Penalty Shots
Cal O'Reilly, Tyler Pitlick, John Leonard, Andrew Poturalski, Seth Griffith
Scratches
Ayrton Martino (Healthy), Ben Meehan (Healthy), Carson Bantle (Healthy), Jakub Demek (Healthy), Gunnarwolfe Fontaine (Healthy)
Hunter Haight (Healthy), Joseph LaBate (Healthy), Matt Luff (Healthy), Logan Shaw (Healthy), Luke Reid (Healthy)
Trevor Kuntar (Healthy), Santeri Hatakka (Healthy), Owen Lindmark (Healthy)
MANCHESTER MONARCHS
5 vs 5 Forward
Center Left Wing Right Wing Time % Phy DF OF
1 Jared Davidson Kole Lind Mackenzie MacEachern 36 1 2 2
2 Ryder Rolston Nicholas Abruzzese Roni Hirvonen 31 1 2 2
3 Tyler Madden Chase Wheatcroft Chase Stillman 23 1 2 2
4 Jamieson Rees Jared Davidson Kole Lind 10 1 2 2
5 vs 5 Defense
Defense Defense Time % Phy DF OF
1 Jayden Struble Noah Juulsen 36 1 2 2
2 Ty Smith Christoffer Sedoff 31 1 2 2
3 Scooter Brickey David Gucciardi 23 1 2 2
4 Jayden Struble Noah Juulsen 10 1 2 2
PowerPlay Forward
Center Left Wing Right Wing Time % Phy DF OF
1 Jared Davidson Kole Lind Mackenzie MacEachern 55 1 2 2
2 Ryder Rolston Nicholas Abruzzese Roni Hirvonen 45 1 2 2
PowerPlay Defense
Defense Defense Time % Phy DF OF
1 Jayden Struble Noah Juulsen 55 1 2 2
2 Ty Smith Christoffer Sedoff 45 1 2 2
Penalty Kill 4 Players Forward
Center Wing Time % Phy DF OF
1 Jared Davidson Kole Lind 55 1 2 2
2 Mackenzie MacEachern Ryder Rolston 45 1 2 2
Penalty Kill 4 Players Defense
Defense Defense Time % Phy DF OF
1 Jayden Struble Noah Juulsen 55 1 2 2
2 Ty Smith Christoffer Sedoff 45 1 2 2
Penalty Kill - 3 Players Forward
Forward Time % Phy DF OF
1 Jared Davidson 55 1 2 2
2 Kole Lind 45 1 2 2
Penalty Kill - 3 Players Defense
Defense Defense Time % Phy DF OF
1 Jayden Struble Noah Juulsen 55 1 2 2
2 Ty Smith Christoffer Sedoff 45 1 2 2
4 vs 4 Forward
Center Wing Time % Phy DF OF
1 Jared Davidson Kole Lind 55 1 2 2
2 Mackenzie MacEachern Ryder Rolston 45 1 2 2
4 vs 4 Defense
Defense Defense Time % Phy DF OF
1 Jayden Struble Noah Juulsen 55 1 2 2
2 Ty Smith Christoffer Sedoff 45 1 2 2
Last Minutes Offensive
Center Left Wing Right Wing Defense Defense
Jared Davidson Kole Lind Mackenzie MacEachern Jayden Struble Noah Juulsen
Last Minutes Defensive
Center Left Wing Right Wing Defense Defense
Jared Davidson Kole Lind Mackenzie MacEachern Jayden Struble Noah Juulsen
Goaltenders
Starting : Michael DiPietro
Backup : Drew Commesso
Extra Forwards
Normal : Daniil Zhilkin, Ryan McAllister, Tyler Madden - PP : Daniil Zhilkin, Ryan McAllister - PK : Tyler Madden
Extra Defensemen
Normal : Scooter Brickey, David Gucciardi, Ty Smith - PP : Scooter Brickey - PK : David Gucciardi, Ty Smith
Penalty Shots
Jared Davidson, Kole Lind, Mackenzie MacEachern, Ryder Rolston, Tyler Madden
Scratches
Brayden Tracey (Healthy), Michael Pezzetta (Healthy), Blake Biondi (Healthy), Blake Smith (Healthy), Cam Squires (Healthy)
Justin Hryckowian (Healthy), Grigori Denisenko (Suspend), Peter DiLiberatore (Healthy), Noel Nordh (Healthy), Trevor Janicke (Healthy)
Isak Posch (Healthy), Tristan Lennox (Healthy)
% Time on Ice - WORCESTER TITANS
Lines # - Real PCT - Wanted PCT - Time Play
Normal Forward
1 - 38% - 36% - 17:16
2 - 30% - 32% - 13:55
3 - 23% - 25% - 10:27
4 - 9% - 7% - 4:06
Normal Defense
1 - 27% - 40% - 12:29
2 - 39% - 35% - 18:01
3 - 25% - 25% - 11:26
4 - 8% - 0% - 3:48
PP Forward
1 - 43% - 60% - 2:45
2 - 57% - 40% - 3:35
PP Defense
1 - 59% - 60% - 3:45
2 - 41% - 40% - 2:35
PK Forward
1 - 65% - 60% - 2:55
2 - 35% - 40% - 1:35
PK Defense
1 - 44% - 60% - 2:00
2 - 56% - 40% - 2:30
PK3 Forward
1 - 0% - 55%
2 - 0% - 45%
PK3 Defense
1 - 0% - 55%
2 - 0% - 45%
44 Forward
1 - 54% - 52% - 1:51
2 - 46% - 48% - 1:35
44 Defense
1 - 36% - 52% - 1:15
2 - 64% - 48% - 2:11
Last Minute Offensive - 0:00
Last Minute Defensive - 0:00
Total
Forward - 60:00
Defense - 60:00
|
% Time on Ice - MANCHESTER MONARCHS
Lines # - Real PCT - Wanted PCT - Time Play
Normal Forward
1 - 27% - 36% - 12:09
2 - 33% - 31% - 15:19
3 - 31% - 23% - 14:16
4 - 9% - 10% - 4:00
Normal Defense
1 - 34% - 36% - 15:24
2 - 33% - 31% - 15:12
3 - 31% - 23% - 14:17
4 - 2% - 10% - 0:51
PP Forward
1 - 44% - 55% - 1:58
2 - 56% - 45% - 2:32
PP Defense
1 - 44% - 55% - 1:58
2 - 56% - 45% - 2:32
PK Forward
1 - 60% - 55% - 3:47
2 - 40% - 45% - 2:32
PK Defense
1 - 55% - 55% - 3:27
2 - 45% - 45% - 2:52
PK3 Forward
1 - 0% - 55% - 0:00
2 - 100% - 45% - 0:01
PK3 Defense
1 - 0% - 55% - 0:00
2 - 100% - 45% - 0:01
44 Forward
1 - 60% - 55% - 2:03
2 - 40% - 45% - 1:23
44 Defense
1 - 57% - 55% - 1:57
2 - 43% - 45% - 1:29
Last Minute Offensive - 0:00
Last Minute Defensive - 0:00
Total
Forward - 60:00
Defense - 60:00
|
Play-by-Play
1st period
0:01 of 1st period - Cal O'Reilly wins face-off versus Jared Davidson in neutral zone.
0:01 of 1st period - Cal O'Reilly is hit by Mackenzie MacEachern.
0:04 of 1st period - John Leonard is hit by Jayden Struble and loses puck.
0:05 of 1st period - Minor Penalty to Noah Juulsen for Slashing.
0:06 of 1st period - Jared Davidson wins face-off versus Cal O'Reilly in MANCHESTER MONARCHS zone.
0:15 of 1st period - Shot by John Leonard.
0:15 of 1st period - Stopped by Michael DiPietro without a rebound.
0:16 of 1st period - Andrew Poturalski wins face-off versus Jared Davidson in MANCHESTER MONARCHS zone.
0:37 of 1st period - Shot by Ryder Rolston.
0:37 of 1st period - Stopped by Oscar Dansk without a rebound.
0:37 of 1st period - Minor Penalty to Oscar Dansk for Slashing.
0:38 of 1st period - Jared Davidson wins face-off versus Cal O'Reilly in WORCESTER TITANS zone.
0:47 of 1st period - Shot by Jared Davidson.
0:47 of 1st period - Shot Misses the Net.
0:59 of 1st period - Shot by Cal O'Reilly.
0:59 of 1st period - Shot Misses the Net.
1:01 of 1st period - Shot by John Leonard.
1:01 of 1st period - Goal by John Leonard - WORCESTER TITANS : 1 - MANCHESTER MONARCHS : 0.
1:02 of 1st period - Mackenzie MacEachern wins face-off versus Andrew Poturalski in neutral zone.
1:23 of 1st period - Shot by Mackenzie MacEachern.
1:23 of 1st period - Shot Misses the Net.
1:25 of 1st period - Shot by Mackenzie MacEachern.
1:25 of 1st period - Shot Misses the Net.
1:27 of 1st period - Shot by Ty Smith.
1:27 of 1st period - Shot Blocked by Zachary Metsa.
1:29 of 1st period - Shot by Mackenzie MacEachern.
1:29 of 1st period - Shot Misses the Net.
1:31 of 1st period - Shot by Ryder Rolston.
1:31 of 1st period - Shot Misses the Net.
1:37 of 1st period - Shot by Mackenzie MacEachern.
1:37 of 1st period - Stopped by Oscar Dansk without a rebound.
1:38 of 1st period - Jared Davidson wins face-off versus Cal O'Reilly in WORCESTER TITANS zone.
1:41 of 1st period - Shot by Kole Lind.
1:41 of 1st period - Deflect By Jared Davidson.
1:41 of 1st period - Shot Misses the Net.
1:51 of 1st period - Shot by Cal O'Reilly.
1:51 of 1st period - Stopped by Michael DiPietro without a rebound.
1:52 of 1st period - Cal O'Reilly wins face-off versus Jared Davidson in MANCHESTER MONARCHS zone.
2:29 of 1st period - Shot by Ty Smith.
2:29 of 1st period - Shot Misses the Net.
2:45 of 1st period - Icing by Zachary Metsa.
2:46 of 1st period - Jared Davidson wins face-off versus Andrew Poturalski in WORCESTER TITANS zone.
2:57 of 1st period - Shot by Seth Griffith.
2:57 of 1st period - Shot Misses the Net.
4:06 of 1st period - Shot by John Leonard.
4:06 of 1st period - Shot Misses the Net.
4:37 of 1st period - Off-side.
4:38 of 1st period - Tyler Madden wins face-off versus Matthew Peca in neutral zone.
4:38 of 1st period - Ty Smith is hit by Zach Sanford.
5:17 of 1st period - Shot by Chase Wheatcroft.
5:17 of 1st period - Shot Blocked by Josh Brown.
5:40 of 1st period - Shot by Justin Dowling.
5:40 of 1st period - Shot Misses the Net.
5:56 of 1st period - Shot by Jayden Struble.
5:56 of 1st period - Goal by Jayden Struble - WORCESTER TITANS : 1 - MANCHESTER MONARCHS : 1.
5:57 of 1st period - Cal O'Reilly wins face-off versus Ryder Rolston in neutral zone.
6:57 of 1st period - Shot by Andrew Poturalski.
6:57 of 1st period - Stopped by Michael DiPietro with a rebound.
7:03 of 1st period - Shot by Chris Terry.
7:03 of 1st period - Stopped by Michael DiPietro without a rebound.
7:04 of 1st period - Matthew Peca wins face-off versus Jared Davidson in MANCHESTER MONARCHS zone.
7:24 of 1st period - Shot by Mackenzie MacEachern.
7:24 of 1st period - Shot Hit the Post.
7:26 of 1st period - Shot by Mackenzie MacEachern.
7:26 of 1st period - Shot Misses the Net.
7:28 of 1st period - Shot by Jared Davidson.
7:28 of 1st period - Shot Misses the Net.
7:30 of 1st period - Shot by Jared Davidson.
7:30 of 1st period - Shot Misses the Net.
7:36 of 1st period - Shot by Mackenzie MacEachern.
7:36 of 1st period - Stopped by Oscar Dansk without a rebound.
7:37 of 1st period - Chase Wheatcroft wins face-off versus Andrew Poturalski in WORCESTER TITANS zone.
7:53 of 1st period - Chris Terry is hit by Christoffer Sedoff and loses puck.
8:00 of 1st period - Shot by Andrew Poturalski.
8:00 of 1st period - Deflect By Chris Terry.
8:00 of 1st period - Shot Misses the Net.
8:04 of 1st period - Shot by Seth Griffith.
8:04 of 1st period - Stopped by Michael DiPietro with a rebound.
8:06 of 1st period - Shot by Jacob MacDonald.
8:06 of 1st period - Stopped by Michael DiPietro with a rebound.
8:08 of 1st period - Shot by Jacob MacDonald.
8:08 of 1st period - Shot Misses the Net.
8:10 of 1st period - Shot by Jacob MacDonald.
8:10 of 1st period - Stopped by Michael DiPietro without a rebound.
8:11 of 1st period - Jamieson Rees wins face-off versus Cal O'Reilly in MANCHESTER MONARCHS zone.
8:11 of 1st period - Jamieson Rees is hit by Tyler Pitlick.
8:24 of 1st period - Shot by Kole Lind.
8:24 of 1st period - Shot Misses the Net.
8:28 of 1st period - Shot by Jared Davidson.
8:28 of 1st period - Stopped by Oscar Dansk without a rebound.
8:29 of 1st period - Ryder Rolston wins face-off versus Matthew Peca in WORCESTER TITANS zone.
8:56 of 1st period - Noah Juulsen is hit by Zach Sanford and loses puck.
9:54 of 1st period - Tyler Pitlick is hit by Kole Lind.
10:52 of 1st period - Charles Hudon is hit by Scooter Brickey and loses puck.
11:00 of 1st period - Matthew Peca is hit by Scooter Brickey and loses puck.
11:07 of 1st period - Shot by Charles Hudon.
11:07 of 1st period - Stopped by Michael DiPietro without a rebound.
11:08 of 1st period - Ryder Rolston wins face-off versus Justin Dowling in MANCHESTER MONARCHS zone.
11:08 of 1st period - Ryder Rolston is hit by Justin Dowling.
11:23 of 1st period - Shot by Rocco Grimaldi.
11:23 of 1st period - Shot Misses the Net.
11:36 of 1st period - Roni Hirvonen is hit by Kyle Capobianco and loses puck.
12:20 of 1st period - Shot by Kole Lind.
12:20 of 1st period - Stopped by Oscar Dansk with a rebound.
12:23 of 1st period - Minor Penalty to Josh Brown for Holding.
12:24 of 1st period - Rocco Grimaldi wins face-off versus Jared Davidson in WORCESTER TITANS zone.
12:45 of 1st period - Shot by Jared Davidson.
12:45 of 1st period - Shot Misses the Net.
13:19 of 1st period - Shot by Zach Sanford.
13:19 of 1st period - Shot Misses the Net.
13:23 of 1st period - Shot by Matthew Peca.
13:23 of 1st period - Shot Misses the Net.
13:33 of 1st period - Shot by Rocco Grimaldi.
13:33 of 1st period - Shot Blocked by Ty Smith.
14:11 of 1st period - Shot by Mackenzie MacEachern.
14:11 of 1st period - Deflect By Kole Lind.
14:11 of 1st period - Shot Misses the Net.
14:28 of 1st period - Off-side.
14:29 of 1st period - Tyler Madden wins face-off versus Cal O'Reilly in neutral zone.
14:31 of 1st period - Off-side.
14:32 of 1st period - Chase Wheatcroft wins face-off versus Cal O'Reilly in neutral zone.
14:45 of 1st period - Shot by Tyler Madden.
14:45 of 1st period - Stopped by Oscar Dansk with a rebound.
14:53 of 1st period - Shot by Tyler Madden.
14:53 of 1st period - Shot Blocked by Josh Brown.
14:55 of 1st period - Shot by David Gucciardi.
14:55 of 1st period - Shot Misses the Net.
14:57 of 1st period - Shot by Chase Wheatcroft.
14:57 of 1st period - Stopped by Oscar Dansk without a rebound.
14:58 of 1st period - Andrew Poturalski wins face-off versus Nicholas Abruzzese in WORCESTER TITANS zone.
15:13 of 1st period - Icing by Jayden Struble.
15:14 of 1st period - Nicholas Abruzzese wins face-off versus Matthew Peca in MANCHESTER MONARCHS zone.
15:25 of 1st period - Shot by Charles Hudon.
15:25 of 1st period - Stopped by Michael DiPietro without a rebound.
15:26 of 1st period - Jared Davidson wins face-off versus Andrew Poturalski in MANCHESTER MONARCHS zone.
15:42 of 1st period - Shot by Andrew Poturalski.
15:42 of 1st period - Shot Blocked by Ty Smith.
16:26 of 1st period - David Gucciardi is hit by Tyler Pitlick and loses puck.
16:41 of 1st period - Shot by John Leonard.
16:41 of 1st period - Deflect By Tyler Pitlick.
16:41 of 1st period - Shot Blocked by David Gucciardi.
16:43 of 1st period - Shot by Kyle Capobianco.
16:43 of 1st period - Deflect By John Leonard.
16:43 of 1st period - Stopped by Michael DiPietro without a rebound.
16:44 of 1st period - Matthew Peca wins face-off versus Tyler Madden in MANCHESTER MONARCHS zone.
17:20 of 1st period - Shot by Matthew Peca.
17:20 of 1st period - Shot Misses the Net.
17:29 of 1st period - Jayden Struble is hit by Calle Rosen and loses puck.
17:44 of 1st period - Shot by John Leonard.
17:44 of 1st period - Shot Misses the Net.
17:50 of 1st period - Shot by Mackenzie MacEachern.
17:50 of 1st period - Stopped by Oscar Dansk without a rebound.
17:51 of 1st period - Andrew Poturalski wins face-off versus Ryder Rolston in WORCESTER TITANS zone.
17:56 of 1st period - Shot by Andrew Poturalski.
17:56 of 1st period - Stopped by Michael DiPietro without a rebound.
17:57 of 1st period - Andrew Poturalski wins face-off versus Jared Davidson in MANCHESTER MONARCHS zone.
18:14 of 1st period - Shot by Jared Davidson.
18:14 of 1st period - Shot Misses the Net.
18:17 of 1st period - Icing by Jacob MacDonald.
18:18 of 1st period - Andrew Poturalski wins face-off versus Roni Hirvonen in WORCESTER TITANS zone.
18:33 of 1st period - Shot by Chris Terry.
18:33 of 1st period - Deflect By Andrew Poturalski.
18:33 of 1st period - Shot Misses the Net.
18:35 of 1st period - Shot by Jacob MacDonald.
18:35 of 1st period - Goal by Jacob MacDonald - WORCESTER TITANS : 2 - MANCHESTER MONARCHS : 1.
18:36 of 1st period - Cal O'Reilly wins face-off versus Kole Lind in neutral zone.
19:09 of 1st period - Minor Penalty to Tyler Pitlick for Hooking.
19:10 of 1st period - Ryder Rolston wins face-off versus Justin Dowling in WORCESTER TITANS zone.
19:13 of 1st period - Shot by Ty Smith.
19:13 of 1st period - Stopped by Oscar Dansk without a rebound.
19:14 of 1st period - Ryder Rolston wins face-off versus Justin Dowling in WORCESTER TITANS zone.
19:21 of 1st period - Shot by Nicholas Abruzzese.
19:21 of 1st period - Deflect By Roni Hirvonen.
19:21 of 1st period - Stopped by Oscar Dansk without a rebound.
19:22 of 1st period - Justin Dowling wins face-off versus Ryder Rolston in WORCESTER TITANS zone.
19:47 of 1st period - Shot by Nicholas Abruzzese.
19:47 of 1st period - Shot Blocked by Josh Brown.
19:49 of 1st period - Shot by Christoffer Sedoff.
19:49 of 1st period - Stopped by Oscar Dansk with a rebound.
Goals for this period are 2 for WORCESTER TITANS vs 1 for MANCHESTER MONARCHS.
Shots for this period are 13 for WORCESTER TITANS vs 12 for MANCHESTER MONARCHS.
2nd period
0:01 of 2nd period - Jared Davidson wins face-off versus Justin Dowling in neutral zone.
1:33 of 2nd period - Shot by Chase Wheatcroft.
1:33 of 2nd period - Shot Blocked by John Leonard.
1:48 of 2nd period - Shot by John Leonard.
1:48 of 2nd period - Stopped by Michael DiPietro with a rebound.
2:06 of 2nd period - Ryder Rolston is hit by Calle Rosen and loses puck.
2:13 of 2nd period - Shot by Andrew Poturalski.
2:13 of 2nd period - Stopped by Michael DiPietro without a rebound.
2:14 of 2nd period - Jamieson Rees wins face-off versus Matthew Peca in MANCHESTER MONARCHS zone.
2:19 of 2nd period - Shot by Kole Lind.
2:19 of 2nd period - Stopped by Oscar Dansk with a rebound.
3:31 of 2nd period - Shot by Andrew Poturalski.
3:31 of 2nd period - Stopped by Michael DiPietro without a rebound.
3:32 of 2nd period - Ryder Rolston wins face-off versus Cal O'Reilly in MANCHESTER MONARCHS zone.
3:43 of 2nd period - Shot by Ryder Rolston.
3:43 of 2nd period - Shot Hit the Post.
4:27 of 2nd period - Icing by Kyle Capobianco.
4:28 of 2nd period - Joseph Blandisi wins face-off versus Tyler Madden in WORCESTER TITANS zone.
4:35 of 2nd period - Shot by Justin Dowling.
4:35 of 2nd period - Stopped by Michael DiPietro with a rebound.
4:51 of 2nd period - Shot by Justin Dowling.
4:51 of 2nd period - Shot Misses the Net.
4:53 of 2nd period - Shot by Justin Dowling.
4:53 of 2nd period - Shot Misses the Net.
4:55 of 2nd period - Shot by Kyle Capobianco.
4:55 of 2nd period - Deflect By Rocco Grimaldi.
4:55 of 2nd period - Stopped by Michael DiPietro with a rebound.
5:33 of 2nd period - Shot by Chris Terry.
5:33 of 2nd period - Shot Blocked by Ty Smith.
5:35 of 2nd period - Shot by Jacob MacDonald.
5:35 of 2nd period - Stopped by Michael DiPietro without a rebound.
5:36 of 2nd period - Ryder Rolston wins face-off versus Cal O'Reilly in MANCHESTER MONARCHS zone.
6:03 of 2nd period - Shot by John Leonard.
6:03 of 2nd period - Stopped by Michael DiPietro with a rebound.
6:48 of 2nd period - Icing by Jacob MacDonald.
6:49 of 2nd period - Cal O'Reilly wins face-off versus Tyler Madden in WORCESTER TITANS zone.
6:49 of 2nd period - Cal O'Reilly is hit by Chase Wheatcroft.
7:01 of 2nd period - Shot by Tyler Madden.
7:01 of 2nd period - Shot Misses the Net.
7:21 of 2nd period - Shot by Tyler Madden.
7:21 of 2nd period - Shot Misses the Net.
7:36 of 2nd period - Icing by David Gucciardi.
7:37 of 2nd period - Tyler Madden wins face-off versus Andrew Poturalski in MANCHESTER MONARCHS zone.
8:00 of 2nd period - Shot by Ryder Rolston.
8:00 of 2nd period - Deflect By Nicholas Abruzzese.
8:00 of 2nd period - Shot Blocked by Zachary Metsa.
8:02 of 2nd period - Shot by Noah Juulsen.
8:02 of 2nd period - Shot Misses the Net.
8:16 of 2nd period - Shot by Ryder Rolston.
8:16 of 2nd period - Shot Misses the Net.
8:18 of 2nd period - Shot by Jayden Struble.
8:18 of 2nd period - Shot Misses the Net.
8:58 of 2nd period - Off-side.
8:59 of 2nd period - Matthew Peca wins face-off versus Jamieson Rees in neutral zone.
9:24 of 2nd period - Shot by Jamieson Rees.
9:24 of 2nd period - Shot Hit the Post.
9:26 of 2nd period - Shot by Jared Davidson.
9:26 of 2nd period - Stopped by Oscar Dansk without a rebound.
9:27 of 2nd period - Tyler Madden wins face-off versus Cal O'Reilly in WORCESTER TITANS zone.
9:27 of 2nd period - Tyler Madden is hit by Calle Rosen.
9:44 of 2nd period - John Leonard is hit by Jayden Struble and loses puck.
9:51 of 2nd period - Shot by John Leonard.
9:51 of 2nd period - Shot Blocked by Jayden Struble.
9:53 of 2nd period - Shot by Cal O'Reilly.
9:53 of 2nd period - Stopped by Michael DiPietro without a rebound.
9:54 of 2nd period - Matthew Peca wins face-off versus Ryder Rolston in MANCHESTER MONARCHS zone.
9:57 of 2nd period - Shot by Zach Sanford.
9:57 of 2nd period - Shot Misses the Net.
10:02 of 2nd period - Icing by David Gucciardi.
10:03 of 2nd period - Ryder Rolston wins face-off versus Matthew Peca in MANCHESTER MONARCHS zone.
10:51 of 2nd period - Shot by Seth Griffith.
10:51 of 2nd period - Shot Misses the Net.
10:53 of 2nd period - Shot by Calle Rosen.
10:53 of 2nd period - Stopped by Michael DiPietro without a rebound.
10:54 of 2nd period - Jared Davidson wins face-off versus Cal O'Reilly in MANCHESTER MONARCHS zone.
11:05 of 2nd period - Shot by Mackenzie MacEachern.
11:05 of 2nd period - Stopped by Oscar Dansk without a rebound.
11:06 of 2nd period - Tyler Madden wins face-off versus Andrew Poturalski in WORCESTER TITANS zone.
11:23 of 2nd period - Shot by Seth Griffith.
11:23 of 2nd period - Stopped by Michael DiPietro without a rebound.
11:24 of 2nd period - Cal O'Reilly wins face-off versus Jared Davidson in MANCHESTER MONARCHS zone.
11:59 of 2nd period - Noah Juulsen is hit by Tyler Pitlick and loses puck.
12:18 of 2nd period - Off-side.
12:19 of 2nd period - Ryder Rolston wins face-off versus Andrew Poturalski in neutral zone.
12:53 of 2nd period - Shot by Jacob MacDonald.
12:53 of 2nd period - Shot Misses the Net.
12:55 of 2nd period - Shot by Calle Rosen.
12:55 of 2nd period - Stopped by Michael DiPietro without a rebound.
12:56 of 2nd period - Matthew Peca wins face-off versus Tyler Madden in MANCHESTER MONARCHS zone.
13:14 of 2nd period - Shot by Chase Stillman.
13:14 of 2nd period - Stopped by Oscar Dansk without a rebound.
13:15 of 2nd period - Jamieson Rees wins face-off versus Cal O'Reilly in WORCESTER TITANS zone.
13:15 of 2nd period - Kole Lind is hit by Kyle Capobianco and loses puck.
13:38 of 2nd period - Shot by Jared Davidson.
13:38 of 2nd period - Stopped by Oscar Dansk without a rebound.
13:39 of 2nd period - Andrew Poturalski wins face-off versus Ryder Rolston in WORCESTER TITANS zone.
13:44 of 2nd period - Ty Smith is hit by Chris Terry and loses puck.
13:55 of 2nd period - Shot by Andrew Poturalski.
13:55 of 2nd period - Shot Misses the Net.
14:03 of 2nd period - Shot by Andrew Poturalski.
14:03 of 2nd period - Stopped by Michael DiPietro with a rebound.
14:48 of 2nd period - Icing by Ty Smith.
14:49 of 2nd period - Ryder Rolston wins face-off versus Cal O'Reilly in MANCHESTER MONARCHS zone.
14:49 of 2nd period - Ryder Rolston is hit by Tyler Pitlick.
15:59 of 2nd period - Shot by Matthew Peca.
15:59 of 2nd period - Stopped by Michael DiPietro without a rebound.
16:00 of 2nd period - Joseph Blandisi wins face-off versus Tyler Madden in MANCHESTER MONARCHS zone.
16:06 of 2nd period - Justin Dowling is hit by Scooter Brickey and loses puck.
16:43 of 2nd period - Jacob MacDonald is hit by Chase Wheatcroft and loses puck.
17:10 of 2nd period - Shot by Matthew Peca.
17:10 of 2nd period - Stopped by Michael DiPietro with a rebound.
17:58 of 2nd period - Tyler Pitlick is hit by Jayden Struble and loses puck.
18:07 of 2nd period - Shot by John Leonard.
18:07 of 2nd period - Shot Misses the Net.
18:09 of 2nd period - Shot by Cal O'Reilly.
18:09 of 2nd period - Shot Misses the Net.
18:11 of 2nd period - Shot by Tyler Pitlick.
18:11 of 2nd period - Shot Blocked by Jayden Struble.
18:22 of 2nd period - Minor Penalty to Noah Juulsen for Roughing.
18:23 of 2nd period - Jared Davidson wins face-off versus Andrew Poturalski in MANCHESTER MONARCHS zone.
18:32 of 2nd period - Shot by Seth Griffith.
18:32 of 2nd period - Shot Misses the Net.
18:39 of 2nd period - Shot by Charles Hudon.
18:39 of 2nd period - Shot Misses the Net.
18:41 of 2nd period - Shot by Kyle Capobianco.
18:41 of 2nd period - Stopped by Michael DiPietro with a rebound.
19:34 of 2nd period - Shot by John Leonard.
19:34 of 2nd period - Shot Misses the Net.
Goals for this period are 0 for WORCESTER TITANS vs 0 for MANCHESTER MONARCHS.
Shots for this period are 15 for WORCESTER TITANS vs 5 for MANCHESTER MONARCHS.
3rd period
0:01 of 3rd period - Jared Davidson wins face-off versus Cal O'Reilly in neutral zone.
0:30 of 3rd period - Shot by Ryder Rolston.
0:30 of 3rd period - Shot Misses the Net.
1:22 of 3rd period - Shot by Seth Griffith.
1:22 of 3rd period - Shot Misses the Net.
1:34 of 3rd period - Shot by Chris Terry.
1:34 of 3rd period - Shot Misses the Net.
1:42 of 3rd period - Shot by Andrew Poturalski.
1:42 of 3rd period - Stopped by Michael DiPietro without a rebound.
1:43 of 3rd period - Tyler Madden wins face-off versus Cal O'Reilly in MANCHESTER MONARCHS zone.
2:31 of 3rd period - Shot by Justin Dowling.
2:31 of 3rd period - Deflect By Rocco Grimaldi.
2:31 of 3rd period - Shot Misses the Net.
2:45 of 3rd period - Shot by Justin Dowling.
2:45 of 3rd period - Stopped by Michael DiPietro with a rebound.
2:59 of 3rd period - Shot by Joseph Blandisi.
2:59 of 3rd period - Shot Misses the Net.
3:01 of 3rd period - Shot by Calle Rosen.
3:01 of 3rd period - Shot Blocked by Jared Davidson.
3:04 of 3rd period - Justin Dowling is hit by Christoffer Sedoff and loses puck.
3:29 of 3rd period - Jayden Struble is hit by Andrew Poturalski and loses puck.
3:38 of 3rd period - Shot by Chris Terry.
3:38 of 3rd period - Shot Misses the Net.
3:40 of 3rd period - Shot by Josh Brown.
3:40 of 3rd period - Stopped by Michael DiPietro with a rebound.
3:50 of 3rd period - Shot by Jayden Struble.
3:50 of 3rd period - Stopped by Oscar Dansk with a rebound.
4:42 of 3rd period - Shot by John Leonard.
4:42 of 3rd period - Shot Blocked by Ty Smith.
5:11 of 3rd period - Charles Hudon is hit by Scooter Brickey and loses puck.
6:23 of 3rd period - Shot by Andrew Poturalski.
6:23 of 3rd period - Shot Misses the Net.
7:29 of 3rd period - Kole Lind is hit by Case McCarthy and loses puck.
7:48 of 3rd period - Mackenzie MacEachern is hit by Case McCarthy and loses puck.
8:10 of 3rd period - Off-side.
8:11 of 3rd period - Chase Stillman wins face-off versus Andrew Poturalski in neutral zone.
8:14 of 3rd period - Shot by Chase Wheatcroft.
8:14 of 3rd period - Stopped by Oscar Dansk without a rebound.
8:15 of 3rd period - Cal O'Reilly wins face-off versus Tyler Madden in WORCESTER TITANS zone.
8:23 of 3rd period - Shot by John Leonard.
8:23 of 3rd period - Stopped by Michael DiPietro with a rebound.
8:27 of 3rd period - Shot by John Leonard.
8:27 of 3rd period - Shot Blocked by Chase Wheatcroft.
8:29 of 3rd period - Shot by Tyler Pitlick.
8:29 of 3rd period - Shot Misses the Net.
8:31 of 3rd period - Shot by John Leonard.
8:31 of 3rd period - Shot Blocked by Christoffer Sedoff.
8:33 of 3rd period - Shot by Cal O'Reilly.
8:33 of 3rd period - Shot Misses the Net.
9:05 of 3rd period - Icing by Zachary Metsa.
9:06 of 3rd period - Cal O'Reilly wins face-off versus Jared Davidson in WORCESTER TITANS zone.
9:37 of 3rd period - Minor Penalty to Mackenzie MacEachern for Goalie Interference.
9:37 of 3rd period - Minor Penalty to Andrew Poturalski for Tripping.
9:38 of 3rd period - Jared Davidson wins face-off versus Chris Terry in neutral zone.
9:57 of 3rd period - Off-side.
9:58 of 3rd period - Daniil Zhilkin wins face-off versus Cal O'Reilly in neutral zone.
10:11 of 3rd period - Shot by John Leonard.
10:11 of 3rd period - Deflect By Cal O'Reilly.
10:11 of 3rd period - Stopped by Michael DiPietro without a rebound.
10:12 of 3rd period - Chris Terry wins face-off versus Jared Davidson in MANCHESTER MONARCHS zone.
10:17 of 3rd period - Shot by Tyler Pitlick.
10:17 of 3rd period - Stopped by Michael DiPietro with a rebound.
10:31 of 3rd period - Shot by Tyler Pitlick.
10:31 of 3rd period - Stopped by Michael DiPietro without a rebound.
10:32 of 3rd period - Daniil Zhilkin wins face-off versus Cal O'Reilly in MANCHESTER MONARCHS zone.
10:32 of 3rd period - Daniil Zhilkin is hit by John Leonard.
10:40 of 3rd period - Shot by Ty Smith.
10:40 of 3rd period - Stopped by Oscar Dansk with a rebound.
10:44 of 3rd period - Shot by Ryder Rolston.
10:44 of 3rd period - Shot Misses the Net.
10:55 of 3rd period - Ryder Rolston is hit by Josh Brown and loses puck.
11:04 of 3rd period - Shot by Ryder Rolston.
11:04 of 3rd period - Goal by Ryder Rolston - WORCESTER TITANS : 2 - MANCHESTER MONARCHS : 2.
11:05 of 3rd period - Jared Davidson wins face-off versus Chris Terry in neutral zone.
11:23 of 3rd period - Shot by Jared Davidson.
11:23 of 3rd period - Goal by Jared Davidson - WORCESTER TITANS : 2 - MANCHESTER MONARCHS : 3.
11:24 of 3rd period - Jared Davidson wins face-off versus Cal O'Reilly in neutral zone.
11:29 of 3rd period - Shot by Jared Davidson.
11:29 of 3rd period - Stopped by Oscar Dansk without a rebound.
11:30 of 3rd period - Jared Davidson wins face-off versus Cal O'Reilly in WORCESTER TITANS zone.
11:44 of 3rd period - Shot by Andrew Poturalski.
11:44 of 3rd period - Stopped by Michael DiPietro with a rebound.
12:00 of 3rd period - Shot by Andrew Poturalski.
12:00 of 3rd period - Stopped by Michael DiPietro without a rebound.
12:01 of 3rd period - Jared Davidson wins face-off versus Cal O'Reilly in MANCHESTER MONARCHS zone.
12:32 of 3rd period - Shot by John Leonard.
12:32 of 3rd period - Stopped by Michael DiPietro without a rebound.
12:33 of 3rd period - Ryder Rolston wins face-off versus Andrew Poturalski in MANCHESTER MONARCHS zone.
13:34 of 3rd period - Off-side.
13:35 of 3rd period - Cal O'Reilly wins face-off versus Kole Lind in neutral zone.
13:45 of 3rd period - Shot by Jared Davidson.
13:45 of 3rd period - Stopped by Oscar Dansk without a rebound.
13:46 of 3rd period - Matthew Peca wins face-off versus Tyler Madden in WORCESTER TITANS zone.
13:55 of 3rd period - Shot by Matthew Peca.
13:55 of 3rd period - Stopped by Michael DiPietro without a rebound.
13:56 of 3rd period - Cal O'Reilly wins face-off versus Jared Davidson in MANCHESTER MONARCHS zone.
13:56 of 3rd period - John Leonard is hit by Ty Smith and loses puck.
14:30 of 3rd period - Icing by Jacob MacDonald.
14:31 of 3rd period - Ryder Rolston wins face-off versus Cal O'Reilly in WORCESTER TITANS zone.
14:31 of 3rd period - Noah Juulsen is hit by Jacob MacDonald and loses puck.
15:57 of 3rd period - Shot by Chase Wheatcroft.
15:57 of 3rd period - Stopped by Oscar Dansk without a rebound.
15:58 of 3rd period - Jared Davidson wins face-off versus Matthew Peca in WORCESTER TITANS zone.
16:10 of 3rd period - Minor Penalty to Kole Lind for Holding.
16:11 of 3rd period - Andrew Poturalski wins face-off versus Jared Davidson in MANCHESTER MONARCHS zone.
16:14 of 3rd period - Shot by Chris Terry.
16:14 of 3rd period - Deflect By Andrew Poturalski.
16:14 of 3rd period - Shot Misses the Net.
16:22 of 3rd period - Shot by Andrew Poturalski.
16:22 of 3rd period - Shot Misses the Net.
16:24 of 3rd period - Shot by Kyle Capobianco.
16:24 of 3rd period - Stopped by Michael DiPietro with a rebound.
16:26 of 3rd period - Shot by Kyle Capobianco.
16:26 of 3rd period - Stopped by Michael DiPietro without a rebound.
16:27 of 3rd period - Andrew Poturalski wins face-off versus Nicholas Abruzzese in MANCHESTER MONARCHS zone.
16:34 of 3rd period - Kyle Capobianco is hit by Nicholas Abruzzese and loses puck.
16:52 of 3rd period - Icing by Kyle Capobianco.
16:53 of 3rd period - Andrew Poturalski wins face-off versus Tyler Madden in WORCESTER TITANS zone.
17:04 of 3rd period - Shot by Chris Terry.
17:04 of 3rd period - Shot Misses the Net.
17:06 of 3rd period - Shot by Andrew Poturalski.
17:06 of 3rd period - Shot Misses the Net.
17:08 of 3rd period - Shot by Kyle Capobianco.
17:08 of 3rd period - Shot Blocked by Christoffer Sedoff.
17:10 of 3rd period - Shot by Kyle Capobianco.
17:10 of 3rd period - Shot Blocked by Jared Davidson.
17:42 of 3rd period - Shot by Cal O'Reilly.
17:42 of 3rd period - Shot Misses the Net.
17:44 of 3rd period - Shot by Jacob MacDonald.
17:44 of 3rd period - Shot Blocked by Jayden Struble.
18:08 of 3rd period - Minor Penalty to Jayden Struble for Tripping.
18:09 of 3rd period - Cal O'Reilly wins face-off versus Tyler Madden in MANCHESTER MONARCHS zone.
18:14 of 3rd period - Shot by Tyler Pitlick.
18:14 of 3rd period - Stopped by Michael DiPietro without a rebound.
18:15 of 3rd period - Jared Davidson wins face-off versus Cal O'Reilly in MANCHESTER MONARCHS zone.
18:28 of 3rd period - Shot by Kole Lind.
18:28 of 3rd period - Deflect By Jared Davidson.
18:28 of 3rd period - Shot Misses the Net.
18:33 of 3rd period - Icing by Jacob MacDonald.
18:34 of 3rd period - Cal O'Reilly wins face-off versus Jared Davidson in WORCESTER TITANS zone.
18:46 of 3rd period - Noah Juulsen is hit by Tyler Pitlick and loses puck.
19:09 of 3rd period - WORCESTER TITANS, Oscar Dansk is pulled from the net.
19:23 of 3rd period - Shot by Andrew Poturalski.
19:23 of 3rd period - Stopped by Michael DiPietro without a rebound.
19:24 of 3rd period - Jared Davidson wins face-off versus Andrew Poturalski in MANCHESTER MONARCHS zone.
19:41 of 3rd period - Shot by Andrew Poturalski.
19:41 of 3rd period - Stopped by Michael DiPietro without a rebound.
19:42 of 3rd period - Cal O'Reilly wins face-off versus Mackenzie MacEachern in MANCHESTER MONARCHS zone.
19:47 of 3rd period - Shot by Seth Griffith.
19:47 of 3rd period - Stopped by Michael DiPietro without a rebound.
19:48 of 3rd period - Jared Davidson wins face-off versus Cal O'Reilly in MANCHESTER MONARCHS zone.
Goals for this period are 0 for WORCESTER TITANS vs 2 for MANCHESTER MONARCHS.
Shots for this period are 17 for WORCESTER TITANS vs 8 for MANCHESTER MONARCHS.
Back to the Top